 Dungeon Crawl Stone Soup version 0.29-a0-1052-g6990b1bffc (webtiles) character file.

Game seed: 12962240716144296606

1843 Spectrina the Magician (level 9, -3/63 HPs)
             Began as a Djinni Venom Mage on Aug 17, 2022.
             Killed by divine providence
             ... invoked by an orc priest
              (13 damage)
             ... on level 8 of the Dungeon.
             The game lasted 00:18:11 (1705 turns).

Spectrina the Magician (Djinni Venom Mage)          Turns: 1705, Time: 00:18:13

Health: -3/63      AC:  8    Str:  7    XL:     9   Next: 33%
Gold:   284        EV: 11    Int: 21    God:
                   SH:  0    Dex: 16

rFire   + + .      SeeInvis +   e - +8 spear "Ukemamar" {vorpal, rElec SInv}
rCold   + . .      Faith    .   (no shield)
rNeg    . . .      Spirit   .   t - +2 ring mail of the Lion {rC++ Dex+2}
rPois   ∞          Reflect  .   (no helmet)
rElec   +          Harm     .   w - +0 cloak
rCorr   .          Rampage  .   (no gloves)
Will    .....                   (boots unavailable)
Stlth   ++........              c - amulet of regeneration
HPRegen 1.00/turn               (no ring)
MPRegen 0.00/turn               (no ring)

@: flying, very slightly contaminated
A: sickness immunity, fire resistance 2, cold vulnerability 1, float, innate
caster, HP casting, extra vitality 1
a: no special abilities


You were on level 8 of the Dungeon.
You visited 1 branch of the dungeon, and saw 8 of its levels.

You collected 284 gold pieces.

Inventory:

Hand Weapons
 e - the +8 spear "Ukemamar" (weapon) {vorpal, rElec SInv}
   (You found it on level 2 of the Dungeon)

   It inflicts extra damage upon your enemies.
   rElec:     It insulates you from electricity.
   SInv:      It lets you see invisible.
Missiles
 n - 6 datura-tipped darts
Armour
 a - a +0 robe
 p - +0 steam dragon scales
 t - the +2 ring mail of the Lion (worn) {rC++ Dex+2}
   (You took it off an orc on level 4 of the Dungeon)

   Dex:       It affects your dexterity (+2).
   rC:        It greatly protects you from cold.
 w - a +0 cloak (worn)
Magical Staves
 i - a staff of cold
 q - a staff of earth
 s - a staff of death
Jewellery
 c - an amulet of regeneration (around neck)
 h - an amulet of faith
Wands
 r - a wand of iceblast (7)
Scrolls
 d - a scroll of enchant weapon
 g - 2 scrolls of poison
 j - 3 scrolls of brand weapon
 l - a scroll of torment
 u - 2 scrolls of amnesia {unknown}
Potions
 b - a potion of cancellation {unknown}
 f - 3 potions of curing
 k - a potion of invisibility {unknown}
 m - 2 potions of flight {unknown}
 o - a potion of attraction {unknown}
 v - a potion of might {unknown}


   Skills:
 + Level 4.4 Fighting
 + Level 5.5 Dodging
 + Level 4.4 Stealth
 * Level 5.6 Spellcasting
 + Level 4.5 Invocations


You couldn't memorise any spells.
You knew the following spells:

 Your Spells              Type           Power      Damage    Failure   Level
a - Sting                 Tmut/Pois      100%       1d8       3%          1
j - Anguish               Hex/Necr       14%        N/A       34%         4
k - Dazzling Flash        Conj/Hex       58%        N/A       11%         3
l - Mephitic Cloud        Conj/Pois/Air  29%        N/A       11%         3
p - Call Imp              Summ           29%        N/A       5%          2
q - Poisonous Vapours     Pois/Air       58%        N/A       5%          2
w - Olgreb's Toxic Radia  Pois           29%        N/A       34%         4
x - Apportation           Tloc           58%        N/A       3%          1
Your spell library was empty.

Dungeon Overview and Level Annotations

Branches:
Dungeon (8/15)             Temple (0/1) D:4
   Lair: D:8-11

Altars:
Makhleb
Qazlal
Uskayaw
Yredelemnul
Zin

Shops:
D:6 (

Annotations:
D:8 Maurice, Pikel


Innate Abilities, Weirdness & Mutations

You are immune to sickness and miasma.
You are immune to poison.
Your flesh is very heat resistant. (rF++)
You are vulnerable to cold. (rC-)
You float through the air rather than walking.
You learn spells naturally, not from books.
Your magical power is your life essence.
You have superior vitality. (+4 MHP)


Message History

Your toxic aura wanes.
Unknown command.
Casting: Poisonous Vapours (safe; 5% risk of failure)
Confirm with . or Enter, or press ? or * to list all spells.
A metallic apparition takes form in the air.
An orc priest comes into view. It is wielding a +0 club.
Unknown command.
Unknown command.
Casting: Call Imp (safe; 5% risk of failure)
Confirm with . or Enter, or press ? or * to list all spells.
The spell is quite dangerous to miscast (34% risk of failure)!
Continue anyway?
You begin to radiate toxic energy.
The orc priest is poisoned.
* * * LOW HITPOINT WARNING * * *
Pikel looks as sick as possible!
The orc priest mumbles some strange prayers to Beogh against you.
Beogh smites you!
* * * LOW HITPOINT WARNING * * *
You hear a shout!
Unknown command.
Unknown command.
Pikel looks as sick as possible!
Your toxic aura wanes.
Pikel hits your iron imp with a +2 whip of flaming!
Your iron imp hits Pikel.
Unknown command.
Pikel hits your iron imp with a +2 whip of flaming.
Your iron imp hits Pikel.
Unknown command.
Your iron imp hits Pikel but does no damage.
Unknown command.
Casting: Olgreb's Toxic Radiance (quite dangerous; 34% risk of failure)
Confirm with . or Enter, or press ? or * to list all spells.
Aiming: Poisonous Vapours (safe; 5% risk of failure)
Press: ? - help, Dir - move target, p - Pikel The spell fizzles.
* * * LOW HITPOINT WARNING * * *
The orc priest looks more healthy.
The orc priest mumbles some strange prayers to Beogh against you.
Beogh smites you!
You die...

#...........^ #..P. P....P
#..P♣ ♣P..♣ #..P♣ ♣..P♣
#...♣♣♣...♣♣♣...
#...PPPo.)......
##...)5..).......
#....K.....P..... ########
#@#..♣♣♣...♣♣♣P.. ...)>.)#
##..#.P♣ ♣...♣ .. ######.#
#..##..♣♣♣..P♣♣♣ K
###.##.#######.# #....)..P...
.##).).#.......###..)†.).....
.......†......+......)..)P)P.
....####......###..P♣♣♣..P♣♣♣
##<.# #......# ##..♣ ..P♣
<...####......# #.P♣ .P♣


You could see Pikel (very poisoned, ally target), an orc priest and a friendly
iron imp (summoned).

Vanquished Creatures
  A blink frog (D:4)
  A steam dragon (D:8)
  Edmund (D:6)
  2 water moccasins
  2 ice beasts
  A black bear (D:4)
  3 lemures (D:8)
  A bullfrog (D:7)
  3 scorpions
  3 howler monkeys (D:8)
  2 gnoll boudas (D:8)
  An orc priest (D:8)
  A hound (D:5)
  An iguana (D:6)
  2 orc wizards (D:8)
  2 adders
  13 gnolls
  An ufetubus (D:5)
  8 orcs
  8 bats
  4 endoplasms
  2 giant cockroaches
  6 goblins
  3 hobgoblins
  A kobold (D:4)
  7 ball pythons
  2 frilled lizards (D:3)
  5 rats
87 creatures vanquished.

Vanquished Creatures (collateral kills)
  A sky beast (D:6)
  A bullfrog (D:6)
  An orc (D:4)
  A goblin (D:4)
4 creatures vanquished.

Vanquished Creatures (others)
  42 plants (D:8)
42 creatures vanquished.

Grand Total: 133 creatures vanquished

Notes
Turn   | Place    | Note
-------+----------+-------------------------------------------
     0 | D:1      | Spectrina the Djinni Venom Mage began the quest for the
                  | Orb.
     0 | D:1      | Spectrina set off with the following spells memorised:
                  | Sting, Poisonous Vapours, Mephitic Cloud, Olgreb's Toxic
                  | Radiance.
     0 | D:1      | Reached XP level 1. HP: 15/15 MP: 0/0
   248 | D:2      | Reached XP level 2. HP: 22/22 MP: 0/0
   262 | D:2      | Identified the +8 spear "Ukemamar" {vorpal, rElec SInv}
   325 | D:2      | Found a basalt altar of Yredelemnul.
   397 | D:3      | Reached XP level 3. HP: 26/26 MP: 0/0
   397 | D:3      | Learned a level 1 spell: Apportation
   607 | D:3      | Found a glowing silver altar of Zin.
   609 | D:3      | Reached skill level 1 in Fighting
   724 | D:4      | Reached skill level 1 in Invocations
   760 | D:3      | Reached XP level 4. HP: 30/32 MP: 0/0
   789 | D:3      | Found a stormy altar of Qazlal.
   859 | D:4      | Noticed a blink frog
   859 | D:4      | a jelly changed into a blink frog
   872 | D:4      | Killed a blink frog
   873 | D:4      | Reached XP level 5. HP: 27/38 MP: 0/0
   873 | D:4      | Learned a level 2 spell: Call Imp
   873 | D:4      | Reached XP level 6. HP: 30/43 MP: 0/0
   891 | D:4      | Noticed Ijyb
   893 | D:4      | Noticed Ijyb
   893 | D:4      | Ijyb changed into Ijyb the bat
   895 | D:4      | Killed Ijyb the bat
   916 | D:4      | Found a staircase to the Ecumenical Temple.
   960 | D:4      | Identified the +2 ring mail of the Lion {rC++ Dex+2}
   963 | D:4      | Noticed a black bear
   973 | D:4      | Killed a black bear
   974 | D:4      | Reached XP level 7. HP: 43/49 MP: 0/0
   974 | D:4      | Learned a level 3 spell: Dazzling Flash
  1047 | D:5      | Entered Level 5 of the Dungeon
  1245 | D:6      | Found Egeavec's Weapon Shop.
  1336 | D:6      | Noticed Edmund
  1348 | D:6      | Killed Edmund
  1349 | D:6      | Reached XP level 8. HP: 48/56 MP: 0/0
  1482 | D:7      | Found a hide-covered altar of Uskayaw.
  1483 | D:7      | Found a burning altar of Makhleb.
  1503 | D:7      | Reached skill level 5 in Spellcasting
  1520 | D:8      | Noticed Maurice
  1529 | D:8      | Reached skill level 5 in Dodging
  1579 | D:8      | Reached XP level 9. HP: 50/62 MP: 0/0
  1579 | D:8      | Learned a level 4 spell: Anguish
  1690 | D:8      | Noticed Pikel
  1705 | D:8      | Killed from afar by an orc priest

Illustrated notes

Levels and vault maps discovered:
D:1:      dpeg_arrival_pond, layout_loops_cross
D:2:      layout_rooms, basic_altar, chequers_serial_rivers_large_a
D:3:      layout_loops_cross, mainiacjoe_overflow_paths, grunt_qazlal_clouds,
          nrook_mini_vaults
D:4:      layout_rooms, temple_statues, nicolae_shop_sticking_my_neck_out,
          uniq_ijyb
D:5:      layout_loops_ring, kennysheep_little_box, serial_glass,
          glass_columns_a, glass_columns_a
D:6:      layout_basic, lemuel_tele_altar, serial_corexii_hall,
          corexii_hall_statues_t, corexii_hall_statues_t,
          chequers_hall_statues_y, serial_shops, nicolae_shop_waterfront,
          uniq_edmund
D:7:      layout_rooms, grunt_temple_overflow_open
D:8:      layout_basic, enter_bailey_5, grunt_ministairs_6, kennysheep_boxes,
          uniq_maurice, uniq_pikel

Skill      XL: |  1  2  3  4  5  6  7  8  9 |
---------------+----------------------------+-----
Stealth        | 2 3 4 |  4.4
Fighting       | 1 2 3 4 |  4.4
Invocations    | 1 2 3 4 |  4.5
Dodging        | 3 4 5 |  5.5
Spellcasting   | 3 4 5 |  5.6

Action                   |  1- 3 |  4- 6 |  7- 9 || total
-------------------------+-------+-------+-------++-------
Melee: Unarmed           |     4 |       |       ||     4
       Spear             |    23 |    18 |    75 ||   116
 Cast: Sting             |    25 |       |     3 ||    28
       Poisonous Vapours |    26 |    24 |    42 ||    92
       Apportation       |     5 |       |     1 ||     6
       Call Imp          |       |     2 |     9 ||    11
       Olgreb's Toxic Ra |       |     2 |    10 ||    12
       Dazzling Flash    |       |       |     1 ||     1
       Anguish           |       |       |     1 ||     1
Evoke: Wand              |       |     3 |     1 ||     4
  Use: Scroll            |       |       |     4 ||     4
 Stab: Sleeping          |     1 |       |     2 ||     3
Armor: Robe              |    11 |       |       ||    11
       Ring mail         |       |       |    22 ||    22
Dodge: Dodged            |    21 |     6 |    29 ||    56

Table legend: (Time is in decaauts)
 A = Elapsed time spent in this place.
 B = Non-inter-level travel time spent in this place.
 C = Inter-level travel time spent in this place.
 D = Time resting spent in this place.
 E = Time spent auto-exploring this place.
 F = Levels seen in this place.
 G = Mean time per level.
                   A        B        C        D        E       F      G
               +--------+--------+--------+--------+--------+-----+--------+
         Total |   1714 |   1654 |     60 |      0 |      0 |   8 |  214.2 |
       Dungeon |   1714 |   1654 |     60 |      0 |      0 |   8 |  214.2 |
               +--------+--------+--------+--------+--------+-----+--------+

Top non-repeatable levels by time:
     D:3: 478 daAuts
     D:5: 239 daAuts
     D:4: 231 daAuts
     D:1: 205 daAuts
     D:8: 193 daAuts
     D:6: 163 daAuts
     D:2: 134 daAuts
     D:7: 67 daAuts
